AoeStats
← 从不压堡之人

Oasis

509341549Analyzed
4v4 RM · 5d ago on Sep 26, 2026· 67m 55s· 8 players
Game mode
Random Map
Map size
Large (8 player)
Population
200
Speed
Normal
Resources
Standard
Victory
Conquest
Starting age
Dark Age
Ending age
Imperial Age
RankedLock teamsTeams togetherTeam positionsShared explorationLock speedFull tech treeHidden civsTurbo modeCheats
Victory
Defeat
1148
+13
🇨🇳 Spanish · China
1106
+15
1038
+18
1029
+18
🇮🇩 Persians · Indonesia
1116
-17
🇬🇷 Franks · Greece
1081
-16
🇬🇷 Byzantines · Greece
1068
-16
🇮🇩 Japanese · Indonesia
1065
-15
Kambing_Ngamuk
0:45 Loom
11:30 Feudal Age
12:07 Horse Collar
12:39 Double-Bit Axe
20:42 Castle Age
19:23 Bloodlines
19:12 Gold Mining
19:53 Scale Barding Armor
21:23 Stone Mining
22:49 Bow Saw
23:03 Heavy Plow
24:52 Chain Barding Armor
25:02 Husbandry
31:50 Wheelbarrow
33:57 Imperial Age
33:15 Hand Cart
34:05 Forging
33:47 Fletching
33:57 Padded Archer Armor
34:57 Gold Shaft Mining
35:53 Conscription
35:37 Crossbowman
38:20 Chemistry
37:40 Ballistics
37:23 Kamandaran
37:25 Heavy Camel Rider
40:20 Thumb Ring
40:03 Cavalier
43:00 Two-Man Saw
43:01 Bodkin Arrow
43:44 Plate Barding Armor
43:25 Leather Archer Armor
43:37 Savar
44:15 Elite Skirmisher
48:32 Murder Holes
57:09 Pikeman
57:50 Squires
58:30 Caravan
58:08 Halberdier
64:02 Ring Archer Armor
63:34 Scale Mail Armor
66:15 Chain Mail Armor
66:36 Iron Casting
Tsimentopoulos
11:25 Feudal Age
11:20 Loom
16:03 Double-Bit Axe
18:53 Castle Age
19:00 Double-Bit Axe
18:59 Horse Collar
21:09 Bow Saw
21:02 Heavy Plow
30:58 Wheelbarrow
34:06 Imperial Age
33:01 Fortified Wall
34:22 Squires
34:08 Gambesons
34:08 Arson
34:53 Ballistics
34:27 Fletching
34:37 Padded Archer Armor
34:48 Forging
34:38 Scale Mail Armor
35:00 Hand Cart
34:42 Stone Mining
34:42 Gold Mining
35:57 Two-Man Saw
35:47 Crop Rotation
36:20 Chemistry
36:08 Stone Shaft Mining
36:14 Stone Shaft Mining
35:37 Elite Varangian Guard
36:57 Leather Archer Armor
37:40 Thumb Ring
37:22 Elite Skirmisher
38:50 Gold Shaft Mining
39:26 Caravan
39:41 Guilds
40:02 Coinage
39:48 Bodkin Arrow
40:56 Bracer
41:26 Ring Archer Armor
41:32 Iron Casting
41:12 Chain Mail Armor
41:47 Logistica
43:00 Devotion
44:49 Scale Barding Armor
45:35 Faith
47:06 Plate Mail Armor
49:25 Pikeman
51:48 Conscription
57:30 Halberdier
Fly Lo
10:11 Feudal Age
11:36 Loom
15:57 Castle Age
17:11 Double-Bit Axe
24:07 Bow Saw
28:10 Wheelbarrow
31:14 Imperial Age
29:06 Husbandry
30:03 Gold Mining
30:05 Stone Mining
31:30 Hand Cart
31:23 Cavalier
32:20 Forging
32:15 Scale Barding Armor
33:36 Iron Casting
32:50 Paladin
34:22 Chain Barding Armor
34:53 Town Watch
36:30 Blast Furnace
35:38 Town Patrol
36:19 Gold Shaft Mining
43:02 Devotion
44:02 Faith
43:57 Caravan
44:27 Coinage
46:25 Chivalry
47:44 Plate Barding Armor
52:29 Light Cavalry
57:29 Banking
OtongSlayer
1:26 Loom
9:14 Feudal Age
16:49 Castle Age
17:50 Double-Bit Axe
18:35 Horse Collar
20:34 Scale Mail Armor
22:20 Forging
24:26 Squires
25:45 Chain Mail Armor
33:00 Gold Mining
33:50 Pikeman
38:05 Imperial Age
35:46 Arson
37:10 Fletching
37:50 Heavy Plow
38:06 Bow Saw
38:47 Padded Archer Armor
39:14 Ballistics
39:41 Wheelbarrow
39:12 Town Watch
40:04 Plate Mail Armor
38:57 Halberdier
40:26 Conscription
40:06 Bodkin Arrow
41:55 Hand Cart
41:52 Stone Mining
42:17 Bracer
41:40 Elite Skirmisher
42:27 Caravan
42:11 Capped Ram
44:47 Leather Archer Armor
45:33 Chemistry
52:04 Block Printing
52:15 Illumination
53:31 Fortified Wall
55:10 Treadmill Crane
55:57 Thumb Ring
57:26 Yasama
57:20 Guard Tower
59:44 Keep
59:05 Murder Holes
60:25 Coinage
60:58 Siege Engineers
61:47 Ring Archer Armor
61:53 Iron Casting
64:05 Banking
64:43 Blast Furnace
66:23 Hoardings
66:11 Kataparuto
洗心革面重新做人TownYan
10:20 Feudal Age
14:14 Castle Age
15:05 Double-Bit Axe
15:57 Loom
23:43 Wheelbarrow
26:07 Bow Saw
26:49 Hand Cart
27:25 Fletching
30:16 Bodkin Arrow
34:07 Horse Collar
34:26 Gold Mining
35:36 Heavy Plow
35:24 Town Watch
36:29 Gold Shaft Mining
35:56 Caravan
42:08 Imperial Age
39:45 Scale Barding Armor
39:50 Forging
42:27 Chain Barding Armor
42:43 Iron Casting
41:52 Elite War Elephant
42:53 Conscription
43:01 Conscription
42:46 Husbandry
42:57 Bloodlines
44:14 Hoardings
43:51 Masonry
44:02 Ballistics
44:42 Chemistry
44:36 Stone Mining
45:15 Devotion
46:44 Two-Man Saw
46:14 Crop Rotation
47:29 Guilds
48:14 Plate Barding Armor
48:14 Iron Casting
50:03 Faith
53:10 Blast Furnace
54:29 Architecture
57:56 Cavalier
60:35 Padded Archer Armor
60:51 Citadels
60:43 Kamandaran
62:13 Crop Rotation
62:55 Savar
62:57 Heavy Camel Rider
65:35 Thumb Ring
64:51 Crossbowman
65:58 Parthian Tactics
我不是蓝精灵
9:44 Loom
12:31 Feudal Age
13:26 Double-Bit Axe
14:09 Horse Collar
16:32 Castle Age
15:41 Wheelbarrow
17:31 Heavy Plow
17:43 Bow Saw
19:30 Hand Cart
23:41 Gold Mining
25:50 Gold Shaft Mining
25:07 Stone Mining
29:38 Imperial Age
27:25 Crossbowman
28:18 Fletching
28:29 Padded Archer Armor
28:53 Grand Trunk Road
28:42 Town Watch
29:10 Bodkin Arrow
29:47 Caravan
30:12 Leather Archer Armor
30:15 Thumb Ring
31:24 Chemistry
30:57 Shatagni
31:30 Ring Archer Armor
31:38 Thumb Ring
34:57 Coinage
35:17 Conscription
35:33 Hoardings
36:16 Stone Shaft Mining
35:44 Bracer
35:55 Forging
37:39 Two-Man Saw
37:54 Murder Holes
38:20 Ballistics
39:48 Banking
40:03 Iron Casting
39:29 Scale Mail Armor
39:44 Thumb Ring
39:00 Elite Skirmisher
44:54 Blast Furnace
44:00 Scale Barding Armor
44:10 Chain Mail Armor
43:17 Elite Ghulam
48:08 Chain Barding Armor
48:01 Bloodlines
47:52 Husbandry
47:12 Heavy Camel Rider
47:21 Light Cavalry
48:25 Siege Elephant
49:42 Onager
49:48 Imperial Camel Rider
51:23 Plate Barding Armor
57:01 Hussar
57:04 Pikeman
57:44 Squires
57:29 Arson
57:05 Man-at-Arms
57:53 Siege Engineers
57:59 Masonry
58:00 Fortified Wall
57:41 Guard Tower
57:20 Heavy Cavalry Archer
60:05 Devotion
60:16 Redemption
60:17 Fervor
60:22 Block Printing
60:33 Illumination
60:03 Herbal Medicine
60:44 Theocracy
60:29 Sanctity
60:09 Long Swordsman
62:32 Faith
65:13 Town Patrol
从不压堡之人
10:57 Feudal Age
12:15 Double-Bit Axe
14:48 Castle Age
14:49 Wheelbarrow
15:28 Horse Collar
16:02 Bow Saw
18:23 Loom
22:50 Heavy Plow
24:43 Hand Cart
25:18 Caravan
25:54 Town Watch
26:07 Gold Mining
26:07 Stone Mining
30:11 Imperial Age
28:13 Sanctity
28:03 Fervor
28:13 Sanctity
28:03 Fervor
28:56 Town Patrol
28:48 Fletching
29:58 Redemption
31:53 Chemistry
30:50 Bodkin Arrow
32:02 Two-Man Saw
31:42 Theocracy
31:23 Block Printing
31:33 Illumination
31:45 Bracer
32:05 Ballistics
31:35 Arrowslits
32:02 Husbandry
32:13 Bloodlines
32:09 Scale Barding Armor
32:04 Padded Archer Armor
32:07 Inquisition
32:28 Conscription
33:11 Chain Barding Armor
32:46 Guard Tower
32:53 Murder Holes
33:59 Supremacy
34:59 Keep
34:34 Masonry
34:53 Guilds
35:48 Architecture
36:01 Stone Shaft Mining
36:40 Plate Barding Armor
36:20 Leather Archer Armor
37:48 Hoardings
37:44 Ring Archer Armor
45:48 Bombard Tower
57:02 Scale Mail Armor
57:13 Forging
56:25 Elite Conquistador
64:00 Capped Ram
我怕你审判长?
10:58 Feudal Age
15:06 Castle Age
15:38 Double-Bit Axe
16:42 Bow Saw
16:14 Horse Collar
23:22 Wheelbarrow
22:53 Stone Mining
22:53 Gold Mining
23:16 Gold Mining
23:45 Heavy Plow
30:06 Imperial Age
27:53 Hand Cart
28:14 Hand Cart
27:45 Loom
28:17 Scale Barding Armor
28:22 Forging
28:55 Gold Shaft Mining
28:57 Stone Shaft Mining
29:04 Caravan
30:12 Husbandry
31:07 Conscription
31:00 Logistica
31:13 Chain Barding Armor
31:28 Iron Casting
32:01 Crop Rotation
32:34 Two-Man Saw
31:23 Treadmill Crane
32:46 Chemistry
32:20 Guilds
33:56 Ballistics
33:41 Elite Cataphract
34:21 Fletching
35:36 Plate Barding Armor
35:26 Arrowslits
35:38 Murder Holes
36:29 Bombard Tower
36:40 Fortified Wall
38:11 Bodkin Arrow
39:08 Bracer
38:33 Capped Ram
39:26 Siege Ram
42:59 Coinage
46:39 Banking
49:44 Light Cavalry
50:36 Man-at-Arms
50:39 Pikeman
51:20 Squires
51:09 Arson
51:26 Scale Mail Armor
51:08 Hussar
52:21 Chain Mail Armor
52:31 Heavy Camel Rider
53:16 Halberdier
60:54 Onager
65:39 Spies/Treason
Connection lost

Rejoining the realm…

Still unreachable

The connection could not be restored.

Session expired

The server has moved on; the page needs a fresh start.